 Dungeon Crawl Stone Soup version 0.27-a0-1500-g450c7e4133 (webtiles) character file.

Game seed: 4069798138672437598

35 Spaninq the Magician (level 3, 0/26 HPs)
             Began as a Djinni Fire Elementalist on July 7, 2021.
             Slain by an adder (4 damage)
             ... on level 2 of the Dungeon.
             The game lasted 00:04:43 (1712 turns).

Spaninq the Magician (Djinni Fire Elementalist)     Turns: 1712, Time: 00:04:43

Health: 0/26       AC:  2    Str:  7    XL:     3   Next: 55%
Gold:   70         EV: 12    Int: 17    God:
                   SH:  0    Dex: 13

rFire    + + .     SeeInvis .   b - +0 whip
rCold    x . .     Faith    .   (no shield)
rNeg     . . .     Spirit   .   a - +0 robe
rPois    ∞         Reflect  .   (no helmet)
rElec    .         Harm     .   (no cloak)
rCorr    .         Rampage  .   (no gloves)
Will     .....                  (boots unavailable)
Stlth    ++........             (no amulet)
HPRegen  0.08/turn              (no ring)
MPRegen  0.00/turn              (no ring)

@: flying, very slightly contaminated
A: sickness immunity, fire resistance 2, cold vulnerability 1, float, innate
caster, hp casting, extra vitality 1
a: no special abilities


You were on level 2 of the Dungeon.
You visited 1 branch of the dungeon, and saw 2 of its levels.

You collected 70 gold pieces.

Inventory:

Hand Weapons
 b - a +0 whip (weapon)
Missiles
 c - 7 stones
Armour
 a - a +0 robe (worn)
Scrolls
 f - a scroll of fear {unknown}
 g - a scroll of brand weapon {unknown}
 h - a scroll of fog {unknown}
 k - a scroll of enchant armour {unknown}
Potions
 d - a potion of lignification {unknown}
 e - 2 potions of haste {unknown}
 i - 2 potions of attraction {unknown}
 j - a potion of might {unknown}


   Skills:
 + Level 0.7 Fighting
 - Level 2.2 Dodging
 - Level 1.6 Stealth
 * Level 3.2 Spellcasting


You couldn't memorise any spells.
You knew the following spells:

 Your Spells              Type           Power      Damage    Failure   Level
a - Foxfire               Conj/Fire      52%        2x1d6     4%          1
b - Conjure Flame         Conj/Fire      13%        6-21      14%         3
c - Inner Flame           Hex/Fire       13%        N/A       14%         3
d - Sticky Flame          Conj/Fire      13%        2d4       41%         4
e - Fireball              Conj/Fire      6%         3d5       77%         5
f - Freeze                Ice            52%        1d7       4%          1
Your spell library was empty.

Dungeon Overview and Level Annotations

Branches:
Dungeon (2/15)

Altars:
Uskayaw

Shops:
D:1 :


Innate Abilities, Weirdness & Mutations

You are immune to sickness and miasma.
You are immune to poison.
Your flesh is very heat resistant. (rF++)
You are vulnerable to cold. (rC-)
You float through the air rather than walking.
You learn spells naturally, not from books.
Your magical power is your life essence.
You have superior vitality. (+4 HP)


Message History

An orc comes into view. It is wielding a +0 short sword.
Found a bubbling emerald potion.
An adder comes into view.
The orc shouts!
Casting: Foxfire (safe; 4% risk of failure)
Confirm with . or Enter, or press ? or * to list all spells.
You conjure some foxfire!
The adder misses you.
The foxfire hits the orc.
The orc is lightly wounded.
The adder barely misses you. The adder bites you but does no damage.
Your foxfire dissipates!
The adder bites you. The adder bites you.
Casting: Foxfire (safe; 4% risk of failure)
Confirm with . or Enter, or press ? or * to list all spells.
You miscast Foxfire.
You are very lightly contaminated with residual magic.
Nothing appears to happen.
The adder bites you.
Casting: Foxfire (safe; 4% risk of failure)
Confirm with . or Enter, or press ? or * to list all spells.
You conjure some foxfire!
The adder bites you. The orc hits you with a +0 short sword.
The foxfire hits the adder.
The adder is lightly wounded.
The foxfire hits the orc.
The orc is heavily wounded.
The adder bites you but does no damage. The orc hits you with a +0 short sword.
Casting: Foxfire (safe; 4% risk of failure)
Confirm with . or Enter, or press ? or * to list all spells.
You conjure some foxfire!
The adder bites you.
* * * LOW HITPOINT WARNING * * *
The orc hits you with a +0 short sword.
* * * LOW HITPOINT WARNING * * *
The adder barely misses you.
The foxfire hits the orc.
You kill the orc!
The foxfire hits the adder.
The adder is moderately wounded.
The adder bites you.
You die...

#..#. #.#.# ..#.# ..#.#
..#.# ..#.#############
)...............### #
....######.......)######.#.#
....# #......@S.........#
....# #..#.._..#####....#
...## #†.#.....# ..!## ...#
#..#.....# ...# ####
#..####### ...# #..# ...#
#... ...# ##.# ...#


You could see an adder.

Vanquished Creatures
  2 dart slugs (D:1)
  A worm (D:2)
  An orc (D:2)
  2 endoplasms (D:1)
  2 goblins (D:2)
  3 hobgoblins (D:1)
  6 kobolds
  2 quokkas
  3 ball pythons (D:1)
  3 bats
  3 frilled lizards (D:1)
  3 rats
31 creatures vanquished.

Vanquished Creatures (others)
  90 foxfires
90 creatures vanquished.

Grand Total: 121 creatures vanquished

Notes
Turn   | Place    | Note
-------+----------+-------------------------------------------
     0 | D:1      | Spaninq the Djinni Fire Elementalist began the quest for
                  | the Orb.
     0 | D:1      | Reached XP level 1. HP: 15/15 MP: 0/0
   266 | D:1      | Reached XP level 2. HP: 17/21 MP: 0/0
   572 | D:1      | Reached skill level 3 in Spellcasting
   888 | D:1      | Reached XP level 3. HP: 22/25 MP: 0/0
   888 | D:1      | Learned a level 1 spell: Freeze
  1066 | D:1      | Found Tujuj's Book Shop.
  1682 | D:2      | Found a hide-covered altar of Uskayaw.
  1712 | D:2      | Slain by an adder

Illustrated notes

Levels and vault maps discovered:
D:1:      minmay_arrival_glassed_features, layout_basic, serial_shops, shop,
          grunt_decor_fettered
D:2:      layout_loops_ring, basic_altar

Skill      XL: |  1  2 |
---------------+-------+-----
Spellcasting   | 3 |  3.2
Fighting       | |  0.7
Dodging        | |  2.2
Stealth        | |  1.6

Action                   || total
-------------------------++-------
 Cast: Foxfire           ||    53
Armor: Robe              ||     3
Dodge: Dodged            ||    12

Table legend: (Time is in decaauts)
 A = Elapsed time spent in this place.
 B = Non-inter-level travel time spent in this place.
 C = Inter-level travel time spent in this place.
 D = Time resting spent in this place.
 E = Time spent auto-exploring this place.
 F = Levels seen in this place.
 G = Mean time per level.
                   A        B        C        D        E       F      G
               +--------+--------+--------+--------+--------+-----+--------+
         Total |   1711 |   1687 |     24 |    161 |   1313 |   2 |  855.5 |
       Dungeon |   1711 |   1687 |     24 |    161 |   1313 |   2 |  855.5 |
               +--------+--------+--------+--------+--------+-----+--------+

Top non-repeatable levels by time:
     D:1: 1512 daAuts
     D:2: 198 daAuts
